 Dungeon Crawl Stone Soup version 0.27-a0-1456-gf5a1169 (webtiles) character file.

Game seed: 6996573456620473130

1 Meow the Bolt Thrower (level 1, 17/17 HPs)
             Began as a Ghoul Hunter on July 5, 2021.
             Quit the game on level 1 of the Dungeon.
             The game lasted 00:00:24 (111 turns).

Meow the Bolt Thrower (Ghoul Hunter)                 Turns: 111, Time: 00:00:24

Health: 17/17      AC:  3    Str: 15    XL:     1   Next: 20%
Magic:  0/0        EV: 11    Int:  6    God:
Gold:   17         SH:  0    Dex:  9    Spells: 0/0 levels left

rFire    . . .     SeeInvis .   a - +1 hand crossbow
rCold    + . .     Faith    .   (no shield)
rNeg     + + +     Spirit   .   c - +0 leather armour
rPois    ∞         Reflect  .   (no helmet)
rElec    .         Harm     .   (no cloak)
rCorr    .         Rampage  .   (no gloves)
Will     .....                  (no boots)
Stlth    +.........             (no amulet)
HPRegen  0.00/turn              (no ring)
MPRegen  0.07/turn              (no ring)

@: no status effects
A: claws 1, cold resistance 1, negative energy resistance 3, inhibited
regeneration, torment resistance 2
a: no special abilities


You were on level 1 of the Dungeon.
You visited 1 branch of the dungeon, and saw 1 of its levels.

You collected 17 gold pieces.

Inventory:

Hand Weapons
 a - a +1 hand crossbow (weapon)
 b - a +0 short sword
Missiles
 d - 20 bolts (quivered ammo)
Armour
 c - a +0 leather armour (worn)
Scrolls
 e - a scroll of amnesia {unknown}
Potions
 f - a potion of berserk rage {unknown}


   Skills:
 + Level 2.1 Fighting
 + Level 3.6 Crossbows
 + Level 1.7 Dodging
 + Level 1.1 Stealth


You couldn't memorise any spells.
You didn't know any spells.
Your spell library was empty.

Dungeon Overview and Level Annotations

Branches:
Dungeon (1/15)

Altars:


Innate Abilities, Weirdness & Mutations

You thrive by killing the living.
You are immune to poison.
You have sharp fingernails.
Your flesh is cold resistant. (rC+)
You are immune to negative energy. (rN+++)
You do not regenerate when monsters are visible.
You are immune to unholy pain and torment.


Message History

Welcome, Meow the Ghoul Hunter.
Will you be the one to retrieve the legendary Orb of Zot from the depths?
Press ? for a list of commands and other information.
Found a scale mail.
Found a staircase leading out of the dungeon.
As you open the door, it creaks loudly!
There is an open door here.
Found a spear.
e - a scroll labelled SUENEA WICLYX You now have 11 gold pieces.
f - a puce potion A bat comes into view.
The bat moves out of view.
A bat is nearby!
Fire: 20 bolts
Press: ? - help, Q - select action Shift-Dir - straight line, f - bat
Aim: a bat (48% to hit)
You shoot a bolt. The bolt barely misses the bat.
The bat hits you but does no damage. x2
Unknown command.
You don't know any spells.
Sorry, you're not good enough to have a special ability.
Unknown command.
Unknown command.
Fire: 19 bolts
Press: ? - help, Q - select action Shift-Dir - straight line, f/p - bat
Aim: a bat (48% to hit)
You shoot a bolt. The bolt hits the bat!
You kill the bat!
Unknown command.
d - 19 bolts (gained 1)
You now have 17 gold pieces (gained 6).
d - 20 bolts (gained 1)
A goblin comes into view. It is wielding a +0 club.
Are you sure you want to abandon this character and quit the game? (Confirm with "yes".)

...#####.# #.##.#
.P.....+.# #.##.#
...#####.# #.##.# #
..#####..###.##.#
.# # .##
.........##.###.#.#
##
.########.........#
# #.........# #
#.........# #
#...@####.#
#.......g...
#...........
#.....?.....
#...........
#...........
#...........
#...........


You could see a goblin (asleep).

Vanquished Creatures
  A bat (D:1)
1 creature vanquished.

Notes
Turn   | Place    | Note
-------+----------+-------------------------------------------
     0 | D:1      | Meow the Ghoul Hunter began the quest for the Orb.
     0 | D:1      | Reached XP level 1. HP: 17/17 MP: 0/0
   111 | D:1      | Quit the game

Illustrated notes

Levels and vault maps discovered:
D:1:      evilmike_arrival_plus, layout_basic

Action                   || total
-------------------------++-------
 Fire: Hand crossbow     ||     2
Armor: Leather armour    ||     2

Table legend: (Time is in decaauts)
 A = Elapsed time spent in this place.
 B = Non-inter-level travel time spent in this place.
 C = Inter-level travel time spent in this place.
 D = Time resting spent in this place.
 E = Time spent auto-exploring this place.
 F = Levels seen in this place.
 G = Mean time per level.
                   A        B        C        D        E       F      G
               +--------+--------+--------+--------+--------+-----+--------+
         Total |    111 |    111 |      0 |      0 |    105 |   1 |  111.0 |
       Dungeon |    111 |    111 |      0 |      0 |    105 |   1 |  111.0 |
               +--------+--------+--------+--------+--------+-----+--------+

Top non-repeatable levels by time:
     D:1: 111 daAuts
